 Dungeon Crawl Stone Soup version 0.19-a0-1654-g9d3f708 (webtiles) character file.

40 Alarkh the Charmwright (level 3, 0/24 HPs)
             Began as a High Elf Skald on Sept 20, 2016.
             Slain by an adder (3 damage)
             ... on level 2 of the Dungeon.
             The game lasted 00:01:26 (1154 turns).

Alarkh the Charmwright (High Elf Skald)             Turns: 1154, Time: 00:01:27

Health: 0/24       AC:  3    Str: 10 (11) XL:     3   Next: 30%
Magic:  1/8        EV: 15    Int: 14 (16) God:
Gold:   46         SH:  4    Dex: 17 (20) Spells: 3 memorised, 2 levels left

rFire  . . .     SeeInvis .     a - +0 falchion
rCold  . . .     Gourm    .     b - +0 leather armour
rNeg   . . .     Faith    .     l - +0 buckler
rPois  .         Spirit   .     (no helmet)
rElec  .         Dismiss  .     (no cloak)
rCorr  .         Reflect  .     (no gloves)
MR     .....     Harm     .     (no boots)
Stlth  ++........               (no amulet)
                                (no ring)
                                (no ring)

@: agile, lethally poisoned (0 -> -3), flying
A: no striking features
a: no special abilities


You were on level 2 of the Dungeon.
You were very hungry.

You visited 1 branch of the dungeon, and saw 2 of its levels.

You collected 46 gold pieces.

Inventory:

Hand Weapons
 a - a +0 falchion (weapon)
Armour
 b - a +0 leather armour (worn)
 l - a +0 buckler (worn)
Scrolls
 f - a scroll of identify
 g - a scroll of remove curse
Potions
 e - a potion of degeneration
Books
 c - a book of Battle

   Spells                             Type                      Level
   a - Infusion                       Charms                       1
   b - Shroud of Golubria             Charms/Translocation         2
   c - Song of Slaying                Charms                       2
   d - Spectral Weapon                Hexes/Charms                 3
   e - Regeneration                   Charms/Necromancy            3
Comestibles
 d - a bread ration
 h - 3 fruits
 j - a beef jerky


   Skills:
 - Level 2.0 Fighting
 * Level 3.5 Long Blades
 - Level 0.8 Armour
 - Level 1.1 Dodging
 + Level 3.0 Spellcasting
 + Level 4.2 Charms


You had 2 spell levels left.
You knew the following spells:

 Your Spells              Type           Power        Failure   Level  Hunger
a - Infusion              Chrm           ##..         12%         1    #......
b - Shroud of Golubria    Chrm/Tloc      #.........   34%         2    ##.....
c - Spectral Weapon       Hex/Chrm       #.......     73%         3    ###....


Dungeon Overview and Level Annotations

Branches:
Dungeon (2/15)

Altars:


Message History

The adder is heavily wounded.
You are no longer magically infusing your attacks.
You feel sick. The adder barely misses you.
You riposte.
You closely miss the adder.
The adder is heavily wounded.
The adder barely misses you.
It was a potion of degeneration.
There was something very wrong with that liquid.
You feel weakened.
You feel dopey.
You feel clumsy. The adder bites you.
* * * LOW HITPOINT WARNING * * *
It was a potion of flight.
You feel very buoyant.
You fly up into the air.
The adder bites you.
* * * LOW HITPOINT WARNING * * *
It was a potion of agility.
You feel agile all of a sudden.
* * * LOW HITPOINT WARNING * * *
You feel sick. The adder bites you.
You die...

#........#
#.#
####.###.#
#.# #......#
#.# #.#
#.###### #.#
#.# #.# #.#
#.# #.#
#.########.#
#†#
#..........#
#.#
######.#####
#@# #.# #S#
##.# #.#
##..# ...
#####.#.#
...
..##.###.#
..... #.#.##
#.# .....
#..## #..
.......
#.#.# ##.


You could see an adder.

Vanquished Creatures
  A dart slug (D:1)
  A leopard gecko (D:1)
  2 bats (D:1)
  4 goblins
  5 hobgoblins
  3 jackals (D:2)
  6 kobolds
  3 quokkas (D:2)
  2 ball pythons (D:1)
  3 rats
30 creatures vanquished.

Notes
Turn   | Place    | Note
-------+----------+-------------------------------------------
     0 | D:1      | Alarkh the High Elf Skald began the quest for the Orb.
     0 | D:1      | Reached XP level 1. HP: 14/14 MP: 4/4
   313 | D:1      | Reached skill level 4 in Charms
   338 | D:1      | Reached XP level 2. HP: 19/19 MP: 2/6
  1047 | D:2      | Reached XP level 3. HP: 19/24 MP: 0/8
  1051 | D:2      | Learned a level 2 spell: Shroud of Golubria
  1055 | D:2      | Learned a level 3 spell: Spectral Weapon
  1154 | D:2      | Slain by an adder

Vault maps used:
D:1:      dpeg_arrival_rooms_with_view
D:2:      first_bread, uniq_iyjb

Skill      XL: |  1  2  3 |
---------------+----------+-----
Charms         | 4 |  4.2
Long Blades    | 3 |  3.5
Spellcasting   | 3 |  3.0
Fighting       | |  2.0
Armour         | |  0.8
Dodging        | |  1.1

Action                   || total
-------------------------++-------
Melee: Falchion          ||   115
 Cast: Infusion          ||    10
  Use: Scroll            ||     1
       Potion            ||     3
Armor: Leather armour    ||    20
Dodge: Dodged            ||    51
Block: Buckler           ||    10
